SAAA
PURE MICHIGAN GREAT LAKERS @ PHOENIX HOTSPUR RESERVES
08/30/2025
 
TOP OF THE 1ST
Pure Michigan Great Lakers batting - Pitching for Phoenix Hotspur Reserves : RHP Alin Oanta
Pitching: RHP Alin Oanta
Batting: RHB Jean Chamissa 0-0: Ball
1-0: Ball
2-0: Fly out, F8 (Flyball, 8RM)
Batting: RHB Zong-yuan Fung 0-0: Ball
1-0: Called Strike
1-1: Foul Ball, location: 2F
1-2: Ball
2-2: Ball
3-2: Foul Ball, location: 2F
3-2: SOLO HOME RUN (Flyball, 8LXD), Distance : 444 ft
Batting: RHB Ron Ward 0-0: Ball
1-0: Fly out, F4 (Line Drive, 4)
Batting: LHB Juan Rodríguez 0-0: Ball
1-0: Called Strike
1-1: Ball
2-1: Swinging Strike
2-2: Strikes out swinging
Top of the 1st over - 1 run(s), 1 hit(s), 0 error(s), 0 left on base; Pure Michigan 1 - Phoenix 0
BOTTOM OF THE 1ST
Phoenix Hotspur Reserves batting - Pitching for Pure Michigan Great Lakers : RHP Kuemon Hirata
Pitching: RHP Kuemon Hirata
Batting: RHB Wilson Castillo 0-0: Called Strike
0-1: Fly out, F8 (Flyball, 8LM)
Batting: RHB Hiwahikeiki Noelani 0-0: Called Strike
0-1: Fly out, F4 (Popup, 34)
Batting: RHB Satoshi Terada 0-0: Ball
1-0: Foul Ball, location: 2F
1-1: Called Strike
1-2: Ball
2-2: Foul Ball, location: 2F
2-2: Foul Ball, location: 2F
2-2: Ball
3-2: SINGLE (Flyball, 8RS)
Batting: RHB John Moore 0-0: Ball
1-0: Foul Ball, location: 2F
1-1: Ball
2-1: SINGLE (Line Drive, 8LS)
Satoshi Terada to second
Batting: RHB Alex Niemann 0-0: Fly out, F9 (Flyball, 9D)
Bottom of the 1st over - 0 run(s), 2 hit(s), 0 error(s), 2 left on base; Pure Michigan 1 - Phoenix 0
TOP OF THE 2ND
Pure Michigan Great Lakers batting - Pitching for Phoenix Hotspur Reserves : RHP Alin Oanta
Batting: SHB Valentín Guzmán 0-0: Ball
1-0: Foul Ball, location: 2F
1-1: Ball
2-1: Ball
3-1: Swinging Strike
3-2: Fly out, F8 (Flyball, 8LM)
Batting: LHB António Boccanegra 0-0: Ball
1-0: Ball
2-0: Called Strike
2-1: Ball
3-1: Fly out, F4 (Flyball, 4D)
Batting: LHB Takahiro Harada 0-0: Ball
1-0: Ball
2-0: Called Strike
2-1: Ball
3-1: Base on Balls
Batting: LHB Eric Thackston 0-0: Ball
1-0: Called Strike
1-1: Ball
2-1: Ball
3-1: SINGLE (Flyball, 7LM)
Takahiro Harada to second
Batting: SHB Bernard Gauthier 0-0: Called Strike
0-1: Ball
1-1: Fly out, F1 (Line Drive, 15)
Top of the 2nd over - 0 run(s), 1 hit(s), 0 error(s), 2 left on base; Pure Michigan 1 - Phoenix 0
BOTTOM OF THE 2ND
Phoenix Hotspur Reserves batting - Pitching for Pure Michigan Great Lakers : RHP Kuemon Hirata
Batting: RHB Júlio Mateo 0-0: Ball
1-0: Swinging Strike
1-1: Swinging Strike
1-2: Foul Ball, location: 2F
1-2: Strikes out swinging
Batting: SHB Jesús González 0-0: Ball
1-0: Ground out 4-3 (Groundball, 4)
Batting: RHB Javier González 0-0: SINGLE (Groundball, 6MD)
Batting: RHB Jesús Álvarez 0-0: Ball
1-0: Ball
2-0: Ball
3-0: Called Strike
3-1: Base on Balls
Javier González to second
Batting: RHB Wilson Castillo 0-0: Ball
1-0: Fly out, F3 (Popup, 3)
Bottom of the 2nd over - 0 run(s), 1 hit(s), 0 error(s), 2 left on base; Pure Michigan 1 - Phoenix 0
TOP OF THE 3RD
Pure Michigan Great Lakers batting - Pitching for Phoenix Hotspur Reserves : RHP Alin Oanta
Batting: RHB Jean Chamissa 0-0: Ball
1-0: Called Strike
1-1: Swinging Strike
1-2: Strikes out swinging
Batting: RHB Zong-yuan Fung 0-0: Ball
1-0: Swinging Strike
1-1: Ball
2-1: Ball
3-1: Swinging Strike
3-2: Foul Ball, location: 2F
3-2: Base on Balls
Batting: RHB Ron Ward 0-0: Ball
1-0: Called Strike
1-1: Foul Ball, location: 2F
1-2: Ball
2-2: Ball
3-2: Foul Ball, location: 2F
3-2: Foul Ball, location: 2F
3-2: Foul Ball, location: 2F
3-2: Fly out, F8 (Line Drive, 89D)
Batting: LHB Juan Rodríguez 0-0: Called Strike
0-1: Foul Ball, location: 2F
0-2: Ball
1-2: Ball
2-2: Ball
3-2: Foul Ball, location: 2F
3-2: Foul Ball, location: 2F
3-2: DOUBLE (Line Drive, 9D)
Zong-yuan Fung to third
Zong-yuan Fung scores
Batting: SHB Valentín Guzmán 0-0: Swinging Strike
0-1: Swinging Strike
0-2: Ball
1-2: Ball
2-2: Ground out 4-3 (Groundball, 4)
Top of the 3rd over - 1 run(s), 1 hit(s), 0 error(s), 1 left on base; Pure Michigan 2 - Phoenix 0
BOTTOM OF THE 3RD
Phoenix Hotspur Reserves batting - Pitching for Pure Michigan Great Lakers : RHP Kuemon Hirata
Batting: RHB Hiwahikeiki Noelani 0-0: Foul Ball, location: 2F
0-1: Foul Ball, location: 2F
0-2: Hit by Pitch
Batting: RHB Satoshi Terada 0-0: Ball
1-0: Ball
2-0: Ball
3-0: Called Strike
3-1: Fly out, F7 (Flyball, 7D)
Batting: RHB John Moore 0-0: Called Strike
0-1: SINGLE (Line Drive, 8LS)
Hiwahikeiki Noelani to second
Batting: RHB Alex Niemann 0-0: Called Strike
0-1: Foul Ball, location: 2F
0-2: Ball
1-2: Ball
2-2: Ball
3-2: SINGLE (Groundball, 4D)
Hiwahikeiki Noelani to third
John Moore to second
Throwing error, E9
Hiwahikeiki Noelani scores
John Moore to third
Alex Niemann to second
Batting: RHB Júlio Mateo 0-0: Ball
1-0: Ball
2-0: Ball
3-0: Called Strike
3-1: Base on Balls
Batting: SHB Jesús González 0-0: Ball
1-0: Foul Ball, location: 2F
1-1: Ball
2-1: Foul Ball, location: 2F
2-2: Ball
3-2: Fly out, F4 (Popup, 4D)
Batting: RHB Javier González 0-0: Foul Ball, location: 2F
0-1: Ball
1-1: Fielders Choice at 2nd, 6-4 (Groundball, 6)
Bottom of the 3rd over - 1 run(s), 2 hit(s), 1 error(s), 2 left on base; Pure Michigan 2 - Phoenix 1
TOP OF THE 4TH
Pure Michigan Great Lakers batting - Pitching for Phoenix Hotspur Reserves : RHP Alin Oanta
Batting: LHB António Boccanegra 0-0: Foul Ball, location: 2F
0-1: Ball
1-1: Foul Ball, location: 2F
1-2: Foul Ball, location: 2F
1-2: Ball
2-2: Foul Ball, location: 2F
2-2: Ball
3-2: Base on Balls
Batting: LHB Takahiro Harada 0-0: SINGLE (Line Drive, 8LS)
António Boccanegra to second
Batting: LHB Eric Thackston 0-0: Ball
1-0: Ball
2-0: Fly out, F5 (Line Drive, 5)
Batting: SHB Bernard Gauthier 0-0: Called Strike
0-1: Ball
1-1: Called Strike
1-2: Ball
2-2: Ground out 4-3 (Groundball, 4S)
António Boccanegra to third
Takahiro Harada to second
Batting: RHB Jean Chamissa 0-0: Called Strike
0-1: Ball
Wild Pitch!
António Boccanegra scores
Takahiro Harada to third
1-1: Ground out 4-3 (Groundball, 4D)
Top of the 4th over - 1 run(s), 1 hit(s), 0 error(s), 1 left on base; Pure Michigan 3 - Phoenix 1
BOTTOM OF THE 4TH
Phoenix Hotspur Reserves batting - Pitching for Pure Michigan Great Lakers : RHP Kuemon Hirata
Batting: RHB Jesús Álvarez 0-0: Called Strike
0-1: Foul Ball, location: 2F
0-2: Ball
1-2: Ball
2-2: Ground out 3-1 (Groundball, 34)
Batting: RHB Wilson Castillo 0-0: Ball
1-0: Fly out, F7 (Flyball, 78M)
Batting: RHB Hiwahikeiki Noelani 0-0: Ball
1-0: Ball
2-0: Swinging Strike
2-1: Ball
3-1: Base on Balls
Batting: RHB Satoshi Terada 0-0: Called Strike
Hiwahikeiki Noelani steals 2nd base
0-1: Foul Ball, location: 2F
0-2: Ball
1-2: Foul Ball, location: 2F
1-2: Ball
2-2: Foul Ball, location: 2F
2-2: Ball
3-2: Ground out 5-3 (Groundball, 5S)
Bottom of the 4th over - 0 run(s), 0 hit(s), 0 error(s), 1 left on base; Pure Michigan 3 - Phoenix 1
TOP OF THE 5TH
Pure Michigan Great Lakers batting - Pitching for Phoenix Hotspur Reserves : RHP Alin Oanta
Batting: RHB Zong-yuan Fung 0-0: Ball
1-0: Ball
2-0: Ball
3-0: Base on Balls
Batting: RHB Ron Ward 0-0: Fly out, F9 (Flyball, 89S)
Batting: LHB Juan Rodríguez 0-0: SINGLE (Flyball, 8LS)
Zong-yuan Fung to second
Batting: SHB Valentín Guzmán 0-0: Ball
1-0: Ball
2-0: Ball
3-0: Called Strike
3-1: Called Strike
3-2: SINGLE (Line Drive, 34)
Zong-yuan Fung to third
Juan Rodríguez to second
Pitching: RHP Bob Cook
Batting: LHB António Boccanegra 0-0: Called Strike
0-1: Ball
1-1: Ball
2-1: Foul Ball, location: 2F
2-2: Foul Ball, location: 2F
2-2: Fly out, F8 (Flyball, 8LM)
Batting: LHB Takahiro Harada 0-0: Ball
1-0: Called Strike
1-1: Called Strike
1-2: Foul Ball, location: 2F
1-2: Strikes out swinging
Top of the 5th over - 0 run(s), 2 hit(s), 0 error(s), 3 left on base; Pure Michigan 3 - Phoenix 1
BOTTOM OF THE 5TH
Phoenix Hotspur Reserves batting - Pitching for Pure Michigan Great Lakers : RHP Kuemon Hirata
Batting: RHB John Moore 0-0: Called Strike
0-1: Foul Ball, location: 2F
0-2: Fly out, F7 (Flyball, 7)
Batting: RHB Alex Niemann 0-0: Ball
1-0: Ball
2-0: Called Strike
2-1: Ball
3-1: Base on Balls
Batting: RHB Júlio Mateo 0-0: Foul Ball, location: 2F
0-1: Foul Ball, location: 2F
0-2: Foul Ball, location: 2F
0-2: Ball
1-2: Ball
2-2: Foul Ball, location: 2F
2-2: Foul Ball, location: 2F
2-2: Foul Ball, location: 2F
2-2: Fly out, F5 (Popup, 5L)
Batting: SHB Jesús González 0-0: Ball
1-0: Ball
2-0: Ball
3-0: Base on Balls
Alex Niemann to second
Batting: RHB Javier González 0-0: Ball
1-0: Ball
2-0: Ball
3-0: Called Strike
3-1: Base on Balls
Alex Niemann to third
Jesús González to second
Batting: RHB Jesús Álvarez 0-0: Ball
1-0: Ball
2-0: Called Strike
2-1: Foul Ball, location: 2F
2-2: Fielders Choice at 2nd, 4-6 (Groundball, 34)
Bottom of the 5th over - 0 run(s), 0 hit(s), 0 error(s), 2 left on base; Pure Michigan 3 - Phoenix 1
TOP OF THE 6TH
Pure Michigan Great Lakers batting - Pitching for Phoenix Hotspur Reserves : RHP Bob Cook
Batting: LHB Eric Thackston 0-0: Called Strike
0-1: Ball
1-1: Ball
2-1: SINGLE (Line Drive, 4D)
Batting: SHB Bernard Gauthier 0-0: Bunted foul
0-1: Bunt missed!
0-2: Strikes out looking
Batting: RHB Jean Chamissa 0-0: Ball
1-0: Ball
2-0: Called Strike
2-1: Called Strike
2-2: Foul Ball, location: 2F
2-2: Ball
3-2: Strikes out swinging
Batting: RHB Zong-yuan Fung 0-0: Ball
1-0: Foul Ball, location: 2F
1-1: Swinging Strike
1-2: Strikes out looking
Top of the 6th over - 0 run(s), 1 hit(s), 0 error(s), 1 left on base; Pure Michigan 3 - Phoenix 1
BOTTOM OF THE 6TH
Phoenix Hotspur Reserves batting - Pitching for Pure Michigan Great Lakers : RHP Kuemon Hirata
Batting: RHB Wilson Castillo 0-0: Called Strike
0-1: Swinging Strike
0-2: Ball
1-2: SINGLE (Groundball, 56D)
Pitching: RHP Jack Carr
Batting: RHB Hiwahikeiki Noelani 0-0: Ball
1-0: Sac Bunt - play at first, batter OUT! 2-3
Wilson Castillo to second
Batting: RHB Satoshi Terada 0-0: Ball
1-0: Fly out, F8 (Flyball, 8LD)
Runner from 2nd tags up, SAFE at 3rd, no throw
Batting: RHB John Moore 0-0: Foul Ball, location: 2F
0-1: Ball
1-1: Called Strike
1-2: Ball
2-2: Foul Ball, location: 2F
2-2: SINGLE (Line Drive, 7S)
Wilson Castillo scores
Batting: RHB Alex Niemann 0-0: Called Strike
John Moore steals 2nd base
0-1: Ground out 4-3 (Groundball, 4MS)
Bottom of the 6th over - 1 run(s), 2 hit(s), 0 error(s), 1 left on base; Pure Michigan 3 - Phoenix 2
TOP OF THE 7TH
Pure Michigan Great Lakers batting - Pitching for Phoenix Hotspur Reserves : RHP Bob Cook
Batting: RHB Ron Ward 0-0: Called Strike
0-1: Foul Ball, location: 2F
0-2: Strikes out swinging
Batting: LHB Juan Rodríguez 0-0: Ball
1-0: Called Strike
1-1: Foul Ball, location: 2F
1-2: Foul Ball, location: 2F
1-2: Foul Ball, location: 2F
1-2: Strikes out swinging
Batting: SHB Valentín Guzmán 0-0: Ball
1-0: Ball
2-0: Ball
3-0: Base on Balls
Batting: LHB António Boccanegra 0-0: Swinging Strike
0-1: Ball
1-1: Ball
2-1: Ball
3-1: Base on Balls
Valentín Guzmán to second
Batting: LHB Takahiro Harada 0-0: Called Strike
0-1: Called Strike
0-2: Ball
1-2: Ball
2-2: Strikes out looking
Top of the 7th over - 0 run(s), 0 hit(s), 0 error(s), 2 left on base; Pure Michigan 3 - Phoenix 2
BOTTOM OF THE 7TH
Phoenix Hotspur Reserves batting - Pitching for Pure Michigan Great Lakers : RHP Jack Carr
Batting: RHB Júlio Mateo 0-0: Called Strike
0-1: Foul Ball, location: 2F
0-2: Foul Ball, location: 2F
0-2: Strikes out looking
Batting: SHB Jesús González 0-0: TRIPLE (Groundball, 5L)
Batting: RHB Javier González 0-0: Ball
1-0: Swinging Strike
1-1: Ground out 5-3 (Groundball, 5L)
Batting: RHB Jesús Álvarez 0-0: Called Strike
0-1: Swinging Strike
0-2: Reached on error, E4 (Line Drive, 4)
Jesús González scores
Batting: RHB Wilson Castillo 0-0: Ball
1-0: Called Strike
1-1: SINGLE (Groundball, 34D)
Jesús Álvarez to second
Runner from 2nd tries for 3rd, SAFE, no throw
Batting: RHB Hiwahikeiki Noelani 0-0: Foul Ball, location: 2F
0-1: Ball
1-1: Ball
2-1: Foul Ball, location: 2F
2-2: Reached on error, E5 (Groundball, 56)
Jesús Álvarez scores
Wilson Castillo to second
Batting: RHB Satoshi Terada 0-0: Called Strike
0-1: Swinging Strike
0-2: Ball
1-2: Foul Ball, location: 2F
1-2: Foul Ball, location: 2F
1-2: Ball
2-2: Foul Ball, location: 2F
2-2: Fielders Choice at 2nd, 5-4 (Groundball, 56)
Bottom of the 7th over - 2 run(s), 2 hit(s), 2 error(s), 1 left on base; Pure Michigan 3 - Phoenix 4
TOP OF THE 8TH
Pure Michigan Great Lakers batting - Pitching for Phoenix Hotspur Reserves : RHP Bob Cook
Pitching: RHP Pat McCormick
Batting: LHB Eric Thackston 0-0: Foul Ball, location: 2F
0-1: Foul Ball, location: 2F
0-2: Ball
1-2: Ground out 4-3 (Groundball, 4MS)
Pitching: LHP Jeff Burrell
Batting: SHB Bernard Gauthier 0-0: Ball
1-0: Ball
2-0: Called Strike
2-1: Swinging Strike
2-2: Ground out 6-3 (Groundball, 6)
Pitching: RHP Rewa Malaki
Batting: RHB Jean Chamissa 0-0: Foul Ball, location: 2F
0-1: Ball
1-1: Called Strike
1-2: Ball
2-2: Strikes out swinging
Top of the 8th over - 0 run(s), 0 hit(s), 0 error(s), 0 left on base; Pure Michigan 3 - Phoenix 4
BOTTOM OF THE 8TH
Phoenix Hotspur Reserves batting - Pitching for Pure Michigan Great Lakers : RHP Jack Carr
Batting: RHB John Moore 0-0: Ball
1-0: Ball
2-0: Swinging Strike
2-1: Swinging Strike
2-2: Ball
3-2: Foul Ball, location: 2F
3-2: Base on Balls
Batting: RHB Alex Niemann 0-0: Ball
1-0: Fielders Choice at 2nd, 5-4 (Groundball, 6)
Batting: RHB Júlio Mateo 0-0: Ball
1-0: Swinging Strike
1-1: Foul Ball, location: 2F
1-2: Ball
2-2: Foul Ball, location: 2F
2-2: Ball
3-2: Ground out 4-3 (Groundball, 4)
Alex Niemann to second
Pitching: RHP Jim Unknown
Batting: SHB Jesús González 0-0: Ball
1-0: Called Strike
1-1: Foul Ball, location: 2F
1-2: Ball
2-2: Strikes out swinging
Bottom of the 8th over - 0 run(s), 0 hit(s), 0 error(s), 1 left on base; Pure Michigan 3 - Phoenix 4
TOP OF THE 9TH
Pure Michigan Great Lakers batting - Pitching for Phoenix Hotspur Reserves : RHP Rewa Malaki
Pitching: RHP Adam Garrison
Batting: RHB Zong-yuan Fung 0-0: DOUBLE (Line Drive, 78D)
Batting: RHB Ron Ward 0-0: Ball
1-0: Called Strike
1-1: Ball
2-1: Ball
3-1: Reached on error, E6 (Groundball, 6)
Zong-yuan Fung scores
Batting: LHB Juan Rodríguez 0-0: Called Strike
0-1: Swinging Strike
0-2: Ball
1-2: Strikes out swinging
Batting: SHB Valentín Guzmán 0-0: Intentional Walk
Pinch Hitting: LHB César Muńóz 0-0: Ball
1-0: Ball
2-0: Foul Ball, location: 2F
2-1: Called Strike
2-2: Ground out 5-3 (Groundball, 25)
Ron Ward to third
Valentín Guzmán to second
Batting: LHB Takahiro Harada 0-0: Called Strike
0-1: Called Strike
0-2: Ball
1-2: Strikes out looking
Top of the 9th over - 1 run(s), 1 hit(s), 1 error(s), 2 left on base; Pure Michigan 4 - Phoenix 4
BOTTOM OF THE 9TH
Phoenix Hotspur Reserves batting - Pitching for Pure Michigan Great Lakers : RHP Jim Unknown
Now at C: Dan Hunt
Pinch Hitting: RHB Jesús Mejía 0-0: Ball
1-0: Ball
2-0: Ball
3-0: Called Strike
3-1: Ground out 4-3 (Groundball, 4)
Pinch Hitting: SHB Roberto López 0-0: Ball
1-0: Ball
2-0: Ball
3-0: Called Strike
3-1: Base on Balls
Pinch Hitting: LHB Jim Unknown 0-0: Ball
1-0: Called Strike
1-1: Swinging Strike
1-2: Ball
2-2: Fly out, F5 (Popup, 56)
Pinch Hitting: LHB Jim Unknown 0-0: Called Strike
0-1: Foul Ball, location: 2F
0-2: Strikes out swinging
Bottom of the 9th over - 0 run(s), 0 hit(s), 0 error(s), 1 left on base; Pure Michigan 4 - Phoenix 4
TOP OF THE 10TH
Pure Michigan Great Lakers batting - Pitching for Phoenix Hotspur Reserves : RHP Adam Garrison
Now at 2B: Roberto López
Now at SS: Harrison Blackford
Now in LF: Jim Unknown
Now in CF: Jim Unknown
Batting: LHB Eric Thackston 0-0: Called Strike
0-1: Called Strike
0-2: Foul Ball, location: 2F
0-2: Ball
1-2: Ball
2-2: Strikes out swinging
Pinch Hitting: RHB Ulbert Sutkamp 0-0: Called Strike
0-1: Foul Ball, location: 2F
0-2: Foul Ball, location: 2F
0-2: Fly out, F4 (Popup, 34)
Batting: RHB Jean Chamissa 0-0: Ground out 6-3 (Groundball, 6)
Top of the 10th over - 0 run(s), 0 hit(s), 0 error(s), 0 left on base; Pure Michigan 4 - Phoenix 4
BOTTOM OF THE 10TH
Phoenix Hotspur Reserves batting - Pitching for Pure Michigan Great Lakers : RHP Jim Unknown
Now at 2B: Ulbert Sutkamp
Batting: RHB Satoshi Terada 0-0: Ground out 6-3 (Groundball, 6)
Batting: RHB John Moore 0-0: Ball
1-0: Ball
2-0: Ball
3-0: Base on Balls
Batting: RHB Alex Niemann 0-0: Called Strike
0-1: Ball
1-1: Ball
2-1: SINGLE (Groundball, 4MD)
John Moore to second
Runner from 2nd tries for 3rd, SAFE, no throw
Batting: RHB Júlio Mateo 0-0: Foul Ball, location: 2F
0-1: Foul Ball, location: 2F
0-2: Strikes out swinging
Batting: SHB Jesús González 0-0: Ball
1-0: Called Strike
1-1: Ball
2-1: Ground out 3-1 (Groundball, 34S)
Bottom of the 10th over - 0 run(s), 1 hit(s), 0 error(s), 2 left on base; Pure Michigan 4 - Phoenix 4
TOP OF THE 11TH
Pure Michigan Great Lakers batting - Pitching for Phoenix Hotspur Reserves : RHP Adam Garrison
Pitching: RHP Craig Gasnier
Batting: RHB Zong-yuan Fung 0-0: Swinging Strike
0-1: Ball
1-1: Ball
2-1: Ball
3-1: Fly out, F7 (Flyball, 78S)
Batting: RHB Ron Ward 0-0: Ball
1-0: Ground out 6-3 (Groundball, 6)
Batting: LHB Juan Rodríguez 0-0: Foul Ball, location: 2F
0-1: Ball
1-1: Ball
2-1: Ground out U3 (Groundball, 3)
Top of the 11th over - 0 run(s), 0 hit(s), 0 error(s), 0 left on base; Pure Michigan 4 - Phoenix 4
BOTTOM OF THE 11TH
Phoenix Hotspur Reserves batting - Pitching for Pure Michigan Great Lakers : RHP Jim Unknown
Batting: RHB Harrison Blackford 0-0: Ball
1-0: Ball
2-0: DOUBLE (Line Drive, 7LD)
Batting: SHB Roberto López 0-0: Called Strike
0-1: Called Strike
0-2: Ground out 1-3 (Groundball, 13)
Harrison Blackford to third
Batting: LHB Jim Unknown 0-0: Intentional Walk
Batting: LHB Jim Unknown 0-0: Called Strike
0-1: Ball
Passed Ball!
Harrison Blackford scores
Friday, December 30th, 2016 - OOTP Baseball 17.12 Build 75